 Dungeon Crawl Stone Soup version 0.29.0-7-g18a832c13a (webtiles) character file.

Game seed: 17384507527201403496

3250 sanka the Grappler (level 9, 0/92 HPs)
             Began as a Troll Cinder Acolyte on Aug 31, 2022.
             Was a High Priest of Ignis.
             Slain by an unseen horror simulacrum (3 damage)
             ... on level 8 of the Dungeon.
             The game lasted 00:10:44 (6582 turns).

sanka the Grappler (Troll Cinder Acolyte)           Turns: 6582, Time: 00:10:45

Health: 0/92       AC:  4    Str: 24    XL:     9   Next: 67%
Magic:  9/9        EV:  9    Int: 10    God:    Ignis [*****.]
Gold:   350        SH:  5    Dex: 15    Spells: 10/10 levels left

rFire   + . .      SeeInvis .     - Unarmed
rCold   . . .      Faith    .   (no shield)
rNeg    . . .      Spirit   .   a - +0 robe
rPois   .          Reflect  +   (helmet restricted)
rElec   .          Harm     .   (no cloak)
rCorr   .          Rampage  .   (gloves unavailable)
Will    .....                   (boots unavailable)
Stlth   +.........              G - amulet of reflection
HPRegen 1.05/turn               (no ring)
MPRegen 0.11/turn               x - +6 ring of dexterity

@: no status effects
A: large, unfitting armour, claws 3, regeneration 1, shaggy fur 1, tough skin 1
a: Renounce Religion, Fiery Armour, Foxfire Swarm, Rising Flame


You were on level 8 of the Dungeon.
You worshipped Ignis.
Ignis was extremely pleased with you.
You visited 2 branches of the dungeon, and saw 9 of its levels.

You collected 470 gold pieces.
You spent 120 gold pieces at shops.


Innate Abilities, Weirdness & Mutations

You are too large for most types of armour.
You have claws for hands.
Your natural rate of healing is unusually fast.
You are covered in fur. (AC +1)
You have tough skin. (AC +1)


   Skills:
 + Level 6.6 Fighting
 - Level 12.0 Unarmed Combat
 - Level 1.0 Spellcasting
 - Level 2.1 Fire Magic


You had 10 spell levels left.
You didn't know any spells.
Your spell library contained the following spells:

 Spells                   Type           Power      Damage    Failure   Level
 Scorch                   Fire           8%         2d5       22%         2
 Freeze                   Ice            0%         1d3       34%         1
 Dazzling Flash           Conj/Hex       0%         N/A       71%         3
 Frozen Ramparts          Ice            0%         1d1       71%         3
 Hailstorm                Conj/Ice       0%         3d3       98%         4
 Agony                    Necr           0%         N/A       100%        5
 Silence                  Hex/Air        0%         N/A       100%        5

Inventory:

Hand Weapons
 r - a +0 morningstar of distortion
 F - a +4 dire flail
Armour
 a - a +0 robe (worn)
 H - a +0 kite shield
Magical Staves
 b - a staff of earth
 q - a staff of death
 z - a staff of air
Jewellery
 x - a +6 ring of dexterity (right claw)
 G - an amulet of reflection (around neck)
Wands
 j - a wand of flame (32)
 m - a wand of polymorph (16)
 D - a wand of roots (19)
Scrolls
 c - 2 scrolls of immolation {unknown}
 e - 2 scrolls of fog {unknown}
 f - 6 scrolls of teleportation {unknown}
 g - a scroll of blinking {unknown}
 h - 2 scrolls of magic mapping {unknown}
 k - a scroll of enchant weapon {unknown}
 p - 2 scrolls of amnesia {unknown}
 s - 3 scrolls of brand weapon {unknown}
 v - 3 scrolls of identify {unknown}
 w - a scroll of torment {unknown}
 y - 2 scrolls of poison {unknown}
 B - 2 scrolls of noise {unknown}
 E - a scroll of fear {unknown}
Potions
 d - 9 potions of curing {@q1}
 i - a potion of brilliance {unknown}
 l - 5 potions of haste {@q3}
 n - a potion of heal wounds {unknown}
 o - a potion of ambrosia {unknown}
 t - a potion of resistance {unknown}
 u - 3 potions of lignification {unknown}
 A - a potion of mutation {unknown}
 C - a potion of flight {unknown}

Dungeon Overview and Level Annotations

Branches:
Dungeon (8/15)             Temple (1/1) D:4
   Lair: D:8-11

Altars:
Ashenzari
Cheibriados
Dithmenos
Elyvilon
Fedhas
Gozag
Hepliaklqana
Kikubaaqudgha
Makhleb
Nemelex Xobeh
Qazlal
Ru
Sif Muna
Trog
Uskayaw
Vehumet
Wu Jian
Xom
Yredelemnul
Zin
The Shining One

Shops:
D:5 **

Annotations:
D:8 1 transporter, p0werm0de's ghost, novice GrCK

▒▒...▒.▒ .▒▒ .....▒.▒
...▒▒▒...▒.▒▒▒▒▒▒
▒▒..........▒...▒▒
.................▒▒
.....8............▒▒▒▒▒▒
h.....Z..............)..
.....▒T=.........▒▒▒▒▒▒
▒.###.......▒▒
.....#▒▒......)▒▒ ▒▒▒▒▒▒
▒▒▒▒▒..▒▒ ▒▒.▒ ▒.▒ .▒
▒.▒ ▒. ▒▒▒


You could see a polar bear and an unseen horror simulacrum.


Message History

You hear an angry hiss.
The unseen horror simulacrum hits you.
The unseen horror simulacrum freezes you!
A white imp comes into view.
You block the unseen horror simulacrum's attack.
Unknown command.
You scratch the unseen horror simulacrum but do no damage.
The unseen horror simulacrum hits you.
The unseen horror simulacrum freezes you!
The unseen horror simulacrum hits you.
The unseen horror simulacrum freezes you!!
* * * LOW HITPOINT WARNING * * *
Unknown command.
You completely miss the unseen horror simulacrum.
The unseen horror simulacrum hits you!
* * * LOW HITPOINT WARNING * * *
The unseen horror simulacrum freezes you!
* * * LOW HITPOINT WARNING * * *
The unseen horror simulacrum hits you.
* * * LOW HITPOINT WARNING * * *
The unseen horror simulacrum freezes you!
* * * LOW HITPOINT WARNING * * *
A polar bear comes into view.
Unknown command.
The polar bear growls angrily.
You claw the unseen horror simulacrum!
The unseen horror simulacrum is severely damaged.
The unseen horror simulacrum barely misses you.
The unseen horror simulacrum hits you.
You die...

Action                   |  1- 3 |  4- 6 |  7- 9 || total
-------------------------+-------+-------+-------++-------
Melee: Unarmed           |    92 |   208 |   236 ||   536
       Punch             |     1 |     7 |    11 ||    19
  Use: Potion            |       |     2 |       ||     2
 Stab: Sleeping          |     1 |     1 |     1 ||     3
Armor: Robe              |    26 |    54 |    43 ||   123
Dodge: Dodged            |    35 |    75 |   108 ||   218
Block: Other             |       |       |    13 ||    13

Levels and vault maps discovered:
D:1:      dpeg_arrival_rhombi, layout_basic,
          shapermc_ecumenical_altar_starsandcircs
D:2:      minmay_general_purpose_star, layout_basic
D:3:      minmay_chambers_of_twos, layout_loops_ring, minmay_misc_feat_ornament,
          minmay_pentangle
D:4:      layout_basic, grunt_temple_overflow_cloverleaf, temple_fountains,
          gup_sewer_entry_spiral
D:5:      layout_basic, nicolae_specific_store, grunt_tough_drop
D:6:      layout_loops_cross, minmay_misc_feat_room, uniq_edmund
D:7:      layout_basic, amcnicky_mini_rare_corridor_liquid,
          chequers_serial_rivers_micro_d
D:8:      layout_rooms, gammafunk_ghost_wrathful_warriors, serial_ice,
          serial_ice_o, serial_ice_n, serial_ice_c, serial_ice_h,
          grunt_ministairs_2, uniq_pikel
Temple:   bh_familiar_temple

Notes
Turn   | Place    | Note
-------+----------+-------------------------------------------
     0 | D:1      | sanka the Troll Cinder Acolyte began the quest for the Orb.
     0 | D:1      | Reached XP level 1. HP: 22/22 MP: 1/1
   100 | D:1      | Reached XP level 2. HP: 29/29 MP: 2/2
   102 | D:1      | Found a faded altar of an unknown god.
   261 | D:1      | Reached skill level 4 in Unarmed Combat
   407 | D:1      | Reached XP level 3. HP: 36/36 MP: 3/3
   780 | D:2      | Reached XP level 4. HP: 44/44 MP: 4/4
   822 | D:2      | Reached skill level 5 in Unarmed Combat
  1097 | D:4      | Found a radiant altar of Vehumet.
  1168 | D:4      | Found a staircase to the Ecumenical Temple.
  1186 | D:4      | Found an ancient bone altar of Kikubaaqudgha.
  1208 | D:4      | Noticed a scorpion
  1210 | D:4      | Killed a scorpion
  1211 | D:4      | Reached XP level 5. HP: 50/50 MP: 5/5
  1264 | D:4      | Noticed an ogre
  1269 | D:4      | HP: 2/50 [ogre/+0 giant club (17)]
  1698 | D:4      | Reached skill level 6 in Unarmed Combat
  1839 | D:4      | Killed an ogre
  1861 | D:4      | Found a burning altar of Makhleb.
  1875 | Temple   | Entered the Ecumenical Temple
  2087 | D:4      | Found an ornate altar of the Wu Jian Council.
  2134 | D:3      | Reached XP level 6. HP: 59/59 MP: 6/6
  2627 | D:3      | Reached skill level 7 in Unarmed Combat
  3493 | D:5      | Entered Level 5 of the Dungeon
  3595 | D:5      | HP: 5/59 [orc priest/+2 flail of protection (4)]
  3630 | D:5      | Reached skill level 8 in Unarmed Combat
  3630 | D:5      | Reached XP level 7. HP: 32/66 MP: 7/7
  3721 | D:5      | Found Icweon's General Store.
  3726 | D:5      | Found Vesmat's Specific Store.
  3734 | D:5      | Bought a potion of haste for 120 gold pieces
  4029 | D:5      | Reached skill level 9 in Unarmed Combat
  4301 | D:5      | Reached XP level 8. HP: 51/74 MP: 8/8
  4310 | D:5      | Reached skill level 10 in Unarmed Combat
  4937 | D:6      | Noticed Edmund
  4951 | D:6      | Killed Edmund
  4952 | D:6      | Reached skill level 3 in Fighting
  5245 | D:6      | Reached skill level 4 in Fighting
  5295 | D:6      | Reached skill level 11 in Unarmed Combat
  5598 | D:7      | Reached XP level 9. HP: 68/85 MP: 9/9
  5824 | D:7      | Reached skill level 5 in Fighting
  5892 | D:7      | Noticed a troll
  5901 | D:7      | Killed a troll
  6306 | D:7      | Reached skill level 6 in Fighting
  6403 | D:8      | Noticed a polar bear
  6419 | D:7      | Killed a polar bear
  6420 | D:7      | Reached skill level 12 in Unarmed Combat
  6509 | D:8      | Found a bloodstained altar of Trog.
  6509 | D:8      | Found a transporter.
  6511 | D:8      | Noticed p0werm0de's ghost (novice GrCK)
  6513 | D:8      | Noticed a moth of wrath
  6581 | D:8      | HP: 2/92 [unseen horror simulacrum (9)]
  6581 | D:8      | Noticed a polar bear
  6582 | D:8      | Slain by an unseen horror simulacrum

Vanquished Creatures
  A troll (D:7)
  A polar bear (D:7)
  A steam dragon (D:7)
  Edmund (D:6)
  A water moccasin (D:7)
  An orc warrior (D:8)
  A sky beast (D:7)
  A black bear (D:4)
  4 ogres
  3 centaurs
  A phantom (D:6)
  A bullfrog (D:7)
  6 scorpions
  A gnoll sergeant (D:7)
  4 wights (D:6)
  2 howler monkeys (D:7)
  2 jellies
  An orc priest (D:5)
  8 hounds
  A gnoll bouda (D:7)
  2 iguanas (D:5)
  4 orc wizards
  7 gnolls (D:7)
  10 adders
  A white imp (D:6)
  An ufetubus (D:7)
  3 worms
  5 dart slugs
  23 orcs
  8 endoplasms
  12 giant cockroaches
  15 goblins
  8 hobgoblins
  7 quokkas
  12 ball pythons
  5 bats
  A frilled lizard (D:3)
  6 kobolds
  8 rats
180 creatures vanquished.
